 Dungeon Crawl Stone Soup version 0.30-a0-55-g90e3122c3a (webtiles) character file.

Game seed: 17017606200091305267

10063 LnG the Carver (level 11, -1/100 HPs)
             Began as a Hill Orc Fighter on Sept 9, 2022.
             Was a Follower of Uskayaw.
             Slain by a centaur (4 damage)
             ... on level 11 of the Dungeon on Sept 10, 2022.
             The game lasted 00:37:13 (13921 turns).

LnG the Carver (Hill Orc Fighter)                  Turns: 13921, Time: 00:37:13

Health: -1/100     AC: 11    Str: 24    XL:     11   Next: 56%
Magic:  11/11      EV: 12    Int:  8    God:    Uskayaw [*.....]
Gold:   639        SH:  5    Dex: 10    Spells: 10/10 levels left

rFire   . . .      SeeInvis +    y - +8 autumn katana {vorpal, manifold assault}
rCold   . . .      Faith    .    c - +0 buckler
rNeg    + . .      Spirit   .    F - +0 steam dragon scales
rPois   +          Reflect  .    (no helmet)
rElec   .          Harm     .    M - +1 cloak
rCorr   .          Rampage  .    f - +0 pair of gloves of Shielding {Drain rPois rN+}
Will    .....      Rage     3%   x - +0 pair of boots
Stlth   +.........               (no amulet)
HPRegen 0.26/turn                j - ring of see invisible
MPRegen 0.12/turn                (no ring)

@: silenced, weak-willed, studying Long Blades
A: berserk 1, screaming 1
a: Renounce Religion


You were on level 11 of the Dungeon.
You worshipped Uskayaw.
Uskayaw was noncommittal.
You visited 2 branches of the dungeon, and saw 12 of its levels.

You collected 639 gold pieces.

Inventory:

Hand Weapons
 a - a +3 war axe
 y - the +8 autumn katana (weapon) {vorpal, manifold assault}
   (You took it off an orc on level 5 of the Dungeon)

   It sometimes launches melee attacks against multiple visible enemies.
 G - a +0 long sword of flaming
Missiles
 e - 10 boomerangs (quivered)
 p - a throwing net
Armour
 c - a +0 buckler (worn)
 f - the +0 pair of gloves of Shielding (worn) {Drain rPois rN+}
   (You acquired it on level 4 of the Dungeon)

   rPois:     It protects you from poison.
   rN:        It protects you from negative energy.
   Drain:     It drains your maximum health when unequipped.
 n - a +0 ring mail of cold resistance
 x - a +0 pair of boots (worn)
 F - +0 steam dragon scales (worn)
 M - a +1 cloak (worn)
Jewellery
 j - a ring of see invisible (left hand)
Wands
 z - a wand of roots (18)
 D - a wand of flame (6)
 O - a wand of quicksilver (2)
Scrolls
 g - 3 scrolls of magic mapping
 i - a scroll of poison
 t - 3 scrolls of immolation
 w - 2 scrolls of amnesia
 I - a scroll of brand weapon {unknown}
 K - a scroll of fear {unknown}
 L - 2 scrolls of vulnerability
Potions
 b - 4 potions of brilliance
 d - 3 potions of might
 h - a potion of resistance {unknown}
 l - a potion of ambrosia {unknown}
 m - 2 potions of berserk rage {unknown}
 o - a potion of magic {unknown}
 q - 2 potions of haste {unknown}
 u - 2 potions of mutation {unknown}
 A - a potion of heal wounds {unknown}
 B - 4 potions of curing
 C - a potion of invisibility {unknown}
 E - a potion of attraction {unknown}
 J - a potion of flight {unknown}
Miscellaneous
 k - a phantom mirror


   Skills:
 + Level 10.2 Fighting
 + Level 12.9 Long Blades
 + Level 6.4 Axes
 + Level 0.2 Throwing
 + Level 6.4 Armour
 + Level 4.1 Dodging
 + Level 4.4 Stealth
 + Level 6.0 Shields


You had 10 spell levels left.
You didn't know any spells.
Your spell library contained the following spells:

 Spells                   Type           Power      Damage    Failure   Level
 Apportation              Tloc           0%         N/A       50%         1
 Beastly Appendage        Tmut           0%         N/A       50%         1
 Necrotise                Necr           0%         1d4       50%         1
 Summon Small Mammal      Summ           0%         N/A       50%         1
 Wereblood                Tmut           0%         N/A       63%         2
 Ozocubu's Armour         Ice            0%         N/A       86%         3
 Spider Form              Tmut/Pois      0%         N/A       86%         3
 Airstrike                Air            0%         2d(0-16)  99%         4
 Corpse Rot               Necr/Pois/Air  0%         N/A       99%         4
 Summon Lightning Spire   Summ/Air       0%         N/A       99%         4
 Blade Hands              Tmut           0%         N/A       100%        5
 Irradiate                Conj/Tmut      0%         3d11      100%        5
 Lightning Bolt           Conj/Air       0%         1d11      100%        5
 Dragon Form              Tmut           0%         N/A       100%        7
 Ozocubu's Refrigeration  Ice            0%         4d7       100%        7
 Fire Storm               Conj/Fire      0%         5d1       100%        9


Dungeon Overview and Level Annotations

Branches:
Dungeon (11/15)            Temple (1/1) D:6            Lair (0/5) D:11
    Orc: D:9-12

Altars:
Ashenzari
Cheibriados
Dithmenos
Elyvilon
Fedhas
Gozag
Hepliaklqana
Kikubaaqudgha
Makhleb
Nemelex Xobeh
Okawaru
Qazlal
Ru
Sif Muna
Trog
Uskayaw
Vehumet
Wu Jian
Xom
Yredelemnul
Zin
The Shining One

Shops:
D:2 :


Innate Abilities, Weirdness & Mutations

You sometimes lose your temper in combat.
You occasionally shout uncontrollably at your foes.


Message History

The centaur wields a +0 shortbow.
The centaur shoots an arrow.
The arrow hits you but does no damage.
As you read the scroll labelled SIBROCW ADDIRO, it crumbles to dust.
You hear a loud clanging noise!
It was a scroll of noise.
You hear a shout! x16
The centaur hits you.
* * * LOW HITPOINT WARNING * * *
The centaur kicks you but does no damage.
The quasit bites you but does no damage.
The quasit barely misses you.
The quasit claws you but does no damage.
The centaur shoots an arrow.
You block the arrow.
The centaur shoots an arrow.
The arrow closely misses you.
The arrow misses the quasit.
The hellwing closely misses you. x2
The centaur hits you but does no damage.
The centaur misses you.
The orc priest shouts, "Beogh is our master!
Accept the truth or die!"
As you read the scroll labelled QULAVI BACIWE, it crumbles to dust.
A profound silence engulfs you.
It was a scroll of silence.
The centaur shoots an arrow.
You block the arrow.
The centaur unwields a +0 shortbow.
The centaur hits the demonic plant.
The centaur kicks the demonic plant.
The quasit bites you.
* * * LOW HITPOINT WARNING * * *
The quasit closely misses you. You block the quasit's attack.
The centaur shoots an arrow.
The arrow closely misses you.
The arrow hits the two-headed ogre!
The centaur hits you but does no damage.
The centaur kicks you but does no damage.
The hellwing hits you but does no damage.
The hellwing barely misses you.
The quasit bites you but does no damage.
The quasit claws you but does no damage.
The quasit barely misses you.
You hit the quasit.
The quasit is lightly wounded.
You block the centaur's attack.
The centaur kicks you but does no damage.
The centaur unwields a +0 shortbow.
The centaur hits you.
You die...

. ..
...........###
P.
.∩.....>.....#.
.(.
...............
..........⌠...#
.!...........
#......5...
#....35O4#
#.....c@.#
####⌠.co##
#..Pcco#
#.#...P#
#..P...#
........
#........
#........


You could see a two-headed ogre (weak-willed), a hellwing (weak-willed), a smoke
demon (unsilenced, weak-willed), 4 centaurs, an orc priest (weak-willed), 2
quasits and an orc (weak-willed).

Vanquished Creatures
  Erica (D:9)
  Amaemon (D:9)
  Maurice (D:9)
  An orange demon (D:9)
  An unseen horror (D:10)
  Maggie (D:6)
  6 kobold demonologists
  2 trolls
  11 yaks (D:9)
  Grum (D:8)
  A steam dragon (D:7)
  4 water moccasins
  4 orc warriors
  An ice beast (D:6)
  2 ogres (D:5)
  4 centaurs
  3 wolves
  5 kobold brigands
  A gnoll sergeant (D:8)
  2 necrophages
  6 bullfrogs
  A scorpion (D:6)
  6 wights
  3 howler monkeys
  3 jellies
  5 orc priests
  4 hounds
  2 iguanas (D:6)
  8 orc wizards
  5 gnolls
  7 adders
  2 shadow imps
  3 ufetubi
  A worm (D:4)
  A dart slug (D:2)
  45 orcs
  7 bats
  18 endoplasms
  2 giant cockroaches
  12 goblins
  14 hobgoblins
  5 jackals (D:2)
  5 quokkas
  9 ball pythons
  5 frilled lizards
  13 kobolds
  11 rats
256 creatures vanquished.

Vanquished Creatures (others)
  A demonic plant (D:11)
  47 fungi
  28 plants (D:11)
76 creatures vanquished.

Grand Total: 332 creatures vanquished

Notes
Turn   | Place    | Note
-------+----------+-------------------------------------------
     0 | D:1      | LnG the Hill Orc Fighter began the quest for the Orb.
     0 | D:1      | Reached XP level 1. HP: 19/19 MP: 1/1
   217 | D:1      | Reached XP level 2. HP: 22/27 MP: 2/2
   692 | D:1      | Reached XP level 3. HP: 24/33 MP: 3/3
   977 | D:1      | Got the Essays on Calorific Misery
  1303 | D:2      | Found Jisid's Book Boutique.
  1406 | D:2      | Reached XP level 4. HP: 40/41 MP: 4/4
  1740 | D:2      | Found a faded altar of an unknown god.
  2805 | D:3      | Reached XP level 5. HP: 47/47 MP: 5/5
  3235 | D:4      | Found an ancient bone altar of Kikubaaqudgha.
  3596 | D:4      | Found a sacrificial altar of Ru.
  3598 | D:4      | Found a white marble altar of Elyvilon.
  3787 | D:4      | Found a burning altar of Makhleb.
  3787 | D:4      | Noticed an Executioner
  3913 | D:4      | Identified a scroll of acquirement
  3914 | D:4      | Acquired the +0 pair of gloves of Shielding {Drain rPois
                  | rN+}
  4148 | D:5      | Entered Level 5 of the Dungeon
  4169 | D:5      | Reached skill level 5 in Axes
  4169 | D:5      | Reached XP level 6. HP: 47/55 MP: 6/6
  4358 | D:5      | Noticed a water moccasin
  4365 | D:5      | Killed a water moccasin
  4513 | D:5      | Found the +6 shillelagh "Devastator" {shatter}
  4535 | D:5      | Reached skill level 5 in Fighting
  4774 | D:5      | Reached skill level 5 in Armour
  4774 | D:5      | Reached XP level 7. HP: 27/61 MP: 7/7
  5070 | D:5      | Reached skill level 1 in Long Blades
  5257 | D:5      | Found a hazy altar of Hepliaklqana.
  5323 | D:5      | Reached skill level 1 in Dodging
  5443 | D:5      | Reached skill level 2 in Long Blades
  6075 | D:6      | Reached skill level 3 in Long Blades
  6079 | D:6      | Reached skill level 1 in Stealth
  6079 | D:6      | Reached XP level 8. HP: 60/69 MP: 8/8
  6088 | D:6      | Reached skill level 4 in Long Blades
  6629 | D:6      | Reached skill level 5 in Long Blades
  7030 | D:6      | Found a broken altar of Ashenzari.
  7033 | D:6      | Noticed Maggie
  7043 | D:6      | Killed Maggie
  7044 | D:6      | Reached skill level 6 in Long Blades
  7044 | D:6      | Reached skill level 5 in Shields
  7239 | D:6      | Found a staircase to the Ecumenical Temple.
  7244 | Temple   | Entered the Ecumenical Temple
  7403 | Temple   | Became a worshipper of Uskayaw the Reveller
  7758 | D:7      | Reached * piety under Uskayaw
  7763 | D:7      | Reached XP level 9. HP: 62/78 MP: 9/9
  7903 | D:7      | Reached ** piety under Uskayaw
  7930 | D:6      | Reached skill level 7 in Long Blades
  8805 | D:8      | Noticed Grum
  8810 | D:8      | Reached *** piety under Uskayaw
  8813 | D:8      | Reached **** piety under Uskayaw
  8814 | D:8      | Killed Grum
  9086 | D:8      | Reached skill level 8 in Long Blades
  9516 | D:8      | Identified the +6 mace of Sulphur {venom, Fly}
  9793 | D:8      | Reached skill level 9 in Long Blades
  9953 | D:8      | Found a stormy altar of Qazlal.
  9956 | D:8      | Found a snail-covered altar of Cheibriados.
 10236 | D:8      | Found a shimmering blue altar of Sif Muna.
 10408 | D:9      | Noticed Amaemon
 10408 | D:9      | Noticed an orange demon
 10497 | D:9      | Noticed a kobold demonologist
 10497 | D:9      | Noticed a kobold demonologist
 10497 | D:9      | Noticed a kobold demonologist
 10497 | D:9      | Found an opulent altar of Gozag.
 10503 | D:9      | Killed a kobold demonologist
 10504 | D:9      | Reached XP level 10. HP: 86/86 MP: 10/10
 10509 | D:9      | Killed a kobold demonologist
 10509 | D:9      | Reached ***** piety under Uskayaw
 10510 | D:9      | Reached skill level 10 in Long Blades
 10510 | D:9      | Killed a kobold demonologist
 10602 | D:9      | Found a shadowy altar of Dithmenos.
 10728 | D:9      | Noticed Maurice
 10740 | D:9      | Killed Maurice
 10756 | D:9      | Killed an orange demon
 10757 | D:9      | Reached skill level 11 in Long Blades
 10787 | D:9      | Noticed Erica
 10797 | D:9      | Killed Erica
 11237 | D:9      | Noticed a kobold demonologist
 11240 | D:9      | Noticed a kobold demonologist
 11245 | D:9      | Killed a kobold demonologist
 11248 | D:9      | Killed a kobold demonologist
 11249 | D:9      | Reached XP level 11. HP: 85/97 MP: 11/11
 11424 | D:9      | Killed Amaemon
 11425 | D:9      | Reached skill level 12 in Long Blades
 11625 | D:9      | Found a blossoming altar of Fedhas.
 12274 | D:9      | Acquired a manual of Long Blades
 12397 | D:10     | Entered Level 10 of the Dungeon
 12593 | D:10     | Noticed a two-headed ogre
 12963 | D:10     | Found a glowing golden altar of the Shining One.
 12989 | D:10     | Found a sparkling altar of Nemelex Xobeh.
 13303 | D:10     | Reached skill level 10 in Fighting
 13713 | D:11     | Found a staircase to the Lair.
 13731 | D:11     | Noticed a sixfirhy
 13739 | D:11     | HP: 3/100 [sixfirhy (11)]
 13911 | D:11     | Gained mutation: You sometimes lose your temper in combat.
                  | [a neqoxec]
 13914 | D:11     | Gained mutation: You occasionally shout uncontrollably at
                  | your foes. [a neqoxec]
 13916 | D:11     | Noticed a two-headed ogre
 13919 | D:11     | HP: 5/100 [centaur (1)]
 13920 | D:11     | HP: 2/100 [quasit (3)]
 13921 | D:11     | Slain by a centaur

Illustrated notes

Levels and vault maps discovered:
D:1:      dpeg_arrival_round_a, layout_basic
D:2:      layout_basic, ebering_ecumenical_altar_petrified, serial_shops, shop,
          chequers_serial_rivers_small_b, minmay_indecisive_spiral
D:3:      layout_basic, ebering_dispersal_statue_hall, guppyfry_early_orc_mine
D:4:      layout_basic, makhleb_altar_promises_db, minitemple,
          kiku_gazebo_pond_becter
D:5:      nicolae_cairo_tiling_large, layout_rooms, mainiacjoe_overflow_catwalk
D:6:      layout_rooms, ashenzari_altar_1, minmay_temple_entry_nine_rooms,
          serial_aquarium, aquarium_bridge_long_joined [aquarium_subvault_wall,
          aquarium_subvault_bridge, aquarium_subvault_wall,
          aquarium_subvault_balcony, aquarium_subvault_window,
          aquarium_subvault_wall], aquarium_bridge_island_large
          [aquarium_subvault_large_1_pool, aquarium_subvault_bridge,
          aquarium_subvault_bridge, aquarium_subvault_wall,
          aquarium_subvault_bridge], aquarium_window_fake, aquarium_window_fake,
          aquarium_window_1, aquarium_window_fake, aquarium_view_2c,
          aquarium_view_2e, minmay_misc_feat_enclosed, minmay_quadrilaterals,
          uniq_maggie
D:7:      layout_loops_ring, dk_noncrumbling_3, hangedman_decor_push,
          nicolae_figureground_sparkle
D:8:      layout_basic, nicolae_sif_muna_little_library,
          gammafunk_temple_overflow_pools, uniq_grum
D:9:      layout_loops_cross, grunt_dithmenos_smoke_and_mirrors,
          old_standard_altar, nicolae_gozag_seed_capital, enter_bailey_3,
          special_room [special_room_orc], library_closet, skrybe_limestone_x,
          uniq_amaemon, uniq_erica, uniq_maurice
D:10:     layout_long_grid, mainiacjoe_overflow_brackets,
          mainiacjoe_overflow_cross_hatched
D:11:     layout_roguey [special_room_orc], due_lair_maze_entry_diamond,
          serial_demonic, serial_demonic_b, serial_demonic_c, serial_demonic_b,
          serial_demonic_g, serial_demonic_e, serial_demonic_e,
          serial_demonic_d, serial_demonic_a, serial_demonic_a, serial_demonic_d
Temple:   hellmonk_temple_flake

Skill      XL: |  1  2  3  4  5  6  7  8  9 10 11 |
---------------+----------------------------------+-----
Fighting       | 4 5 6 7 9 10 | 10.2
Axes           | 3 4 5 6 |  6.4
Armour         | 4 5 6 |  6.4
Shields        | 4 5 6 |  6.0
Long Blades    | 3 6 9 11 12 | 12.9
Dodging        | 1 2 3 4 |  4.1
Stealth        | 1 2 3 4 |  4.4
Throwing       | |  0.2

Action                   |  1- 3 |  4- 6 |  7- 9 | 10-12 || total
-------------------------+-------+-------+-------+-------++-------
Melee: War axe           |   133 |   225 |       |       ||   358
       Katana            |       |     9 |   222 |   232 ||   463
Throw: Boomerang         |       |       |     1 |     4 ||     5
  Use: Scroll            |       |     4 |     6 |    10 ||    20
       Potion            |       |       |     1 |     1 ||     2
 Stab: Paralysed         |       |       |     4 |    13 ||    17
       Sleeping          |       |       |       |     1 ||     1
Armor: Scale mail        |    68 |   115 |       |       ||   183
       Ring mail         |       |     7 |    32 |       ||    39
       Steam dragon scal |       |       |    25 |    81 ||   106
Dodge: Dodged            |    73 |   106 |    71 |   112 ||   362
Block: Buckler           |    26 |    61 |    36 |    42 ||   165

Table legend: (Time is in decaauts)
 A = Elapsed time spent in this place.
 B = Non-inter-level travel time spent in this place.
 C = Inter-level travel time spent in this place.
 D = Time resting spent in this place.
 E = Time spent auto-exploring this place.
 F = Levels seen in this place.
 G = Mean time per level.
                   A        B        C        D        E       F      G
               +--------+--------+--------+--------+--------+-----+--------+
         Total |  13985 |  13515 |    470 |   4155 |   5250 |  12 | 1165.4 |
       Dungeon |  13814 |  13344 |    470 |   4155 |   5119 |  11 | 1255.8 |
        Temple |    170 |    170 |      0 |      0 |    131 |   1 |  170.0 |
               +--------+--------+--------+--------+--------+-----+--------+

Top non-repeatable levels by time:
     D:8: 2109 daAuts
     D:5: 1723 daAuts
     D:6: 1588 daAuts
     D:9: 1475 daAuts
     D:7: 1168 daAuts
     D:3: 1126 daAuts
     D:1: 1104 daAuts
     D:2: 1070 daAuts
     D:4: 1061 daAuts
    D:10: 1039 daAuts
    D:11: 347 daAuts
  Temple: 170 daAuts
